 Dungeon Crawl Stone Soup version 0.30.0-20-g3615ddf2f0 (webtiles) character file.

Game seed: 10260200366421703677

98 qw the Chopper (level 4, -1/28 HPs)
             Began as a Gargoyle Fighter on June 1, 2023.
             Slain by an iguana (2 damage)
             ... on level 4 of the Dungeon.
             The game lasted 00:00:58 (2592 turns).

qw the Chopper (Gargoyle Fighter)                   Turns: 2592, Time: 00:00:59

Health: -1/28      AC: 13    Str: 22    XL:     4   Next: 71%
Magic:  4/4        EV:  8    Int:  8    God:
Gold:   204        SH:  4    Dex:  9    Spells: 3/3 levels left

rFire   . . .        Y - +0 war axe
rCold   . . .        c - +0 buckler
rNeg    + . .        h - +0 chain mail
rPois   inf          (no helmet)
rElec   +            f - +0 cloak
rCorr   .            (no gloves)
SInv    .            (no boots)
Will    .....        (no amulet) Stlth
                     (no ring)
HPRegen 0.24/turn    (no ring)
MPRegen 0.09/turn

%: no passive effects
@: no status effects
A: sickness immunity, AC +3, negative energy resistance 1, electricity
resistance, torment resistance 1, petrification resistance
a: no special abilities


You were on level 4 of the Dungeon.
You visited 1 branch of the dungeon, and saw 4 of its levels.

You collected 204 gold pieces.


Innate Abilities, Weirdness & Mutations

You are immune to sickness and miasma.
Your stone body is resilient. (AC +3)
You are immune to poison.
You resist negative energy. (rN+)
You are resistant to electric shocks. (rElec)
You are resistant to unholy torment.
You are immune to petrification.


   Skills:
 - Level 3.2 Fighting
 + Level 4.3 Axes
 - Level 3.2 Armour
 - Level 3.2 Shields


You had 3 spell levels left.
You didn't know any spells.
Your spell library was empty.

Inventory:

Hand Weapons
 j - a +1 hand axe of flaming
 Y - a +0 war axe (weapon)
Armour
 c - a +0 buckler (worn)
 f - a +0 cloak (worn)
 h - a +0 chain mail (worn)
Scrolls
 a - a scroll of identify
Potions
 b - a potion of lignification {unknown}
 d - a potion of might
 g - a potion of resistance {unknown}
 i - 2 potions of curing
 k - a potion of attraction {unknown}

Dungeon Overview and Level Annotations

Branches:
Dungeon (4/15)
 Temple: D:4-7

Altars:

Shops:
D:2 !

Annotations:
D:3 3 runed translucent doors, qw's ghost, amateur GrCA


Message History

The iguana bites you but does no damage.
You slash the iguana!
The iguana is almost dead.
The iguana bites you. The iguana barely misses you.
You barely miss the iguana.
The iguana is almost dead.
The iguana bites you but does no damage.
You barely miss the iguana.
The iguana is almost dead.
The iguana bites you but does no damage.
You barely miss the iguana.
The iguana is almost dead.
The iguana barely misses you. The iguana misses you.
You hit the iguana but do no damage.
The iguana is almost dead.
The iguana bites you.
You barely miss the iguana.
The iguana is almost dead.
The iguana bites you!
You hit the iguana.
The iguana is almost dead.
The iguana bites you but does no damage.
The iguana closely misses you.
You hit the iguana but do no damage.
The iguana is almost dead.
The iguana bites you!
2589 ||| DRINKING potion of heal wounds.
You feel much better. The iguana bites you!
You closely miss the iguana.
The iguana is almost dead.
The iguana bites you!
You barely miss the iguana.
The iguana is almost dead.
The iguana bites you but does no damage.
The iguana bites you!
You closely miss the iguana.
The iguana is almost dead.
The iguana bites you.
You die...

#...###.# .......
#.....#.#
#.$.....# ...#.#.#
#.......# #.#.#.#
#.......#
#<..#.####.......#
##................
#.....##.........
##.%#............
#..#.##.@.......
#.##.##.l...$...
#....##.!.......
#######.........
#.........
#.........
#.........
#.........


You could see an iguana.

Vanquished Creatures
  5 adders
  A dart slug (D:3)
  An orc (D:3)
  5 ball pythons
  6 endoplasms
  6 giant cockroaches
  4 goblins
  4 hobgoblins (D:1)
  A quokka (D:1)
  3 bats
  A frilled lizard (D:1)
  5 kobolds
  5 rats
47 creatures vanquished.

Notes
Turn   | Place    | Note
-------+----------+-------------------------------------------
     0 | D:1      | qw the Gargoyle Fighter began the quest for the Orb.
     0 | D:1      | Reached XP level 1. HP: 14/14 MP: 1/1
     0 | D:1      | 0 ||| qw: Version: 0.2-a-102-gdf20003
     0 | D:1      | 0 ||| qw: Game counter: 720
     0 | D:1      | 0 ||| qw: Always use a shield: true
     0 | D:1      | 0 ||| qw: God list: Okawaru
     0 | D:1      | 0 ||| qw: Allow faded altars: false
     0 | D:1      | 0 ||| qw: Do Orc after D:15 true
     0 | D:1      | 0 ||| qw: Do second Lair branch before Depths: true
     0 | D:1      | 0 ||| qw: Lair rune preference: random
     0 | D:1      | 0 ||| qw: Plans: Normal, Zot:1-4, Slime:5, God:TSO, Crypt,
                  | Tomb, Pan, Hells, Abyss, Win
     0 | D:1      | 0 ||| PLANNING D:1-11
    19 | D:1      | Found a faded altar of an unknown god.
   109 | D:1      | Reached skill level 2 in Axes
   270 | D:1      | Reached XP level 2. HP: 19/19 MP: 2/2
   867 | D:1      | 867 ||| UPGRADING to +0 cloak.
   872 | D:1      | 872 ||| UPGRADING to +0 chain mail.
   882 | D:1      | 882 ||| DROPPING +0 scale mail.
   883 | D:1      | 883 ||| READING 2 scrolls labelled TAKKOSHAOBI.
   884 | D:1      | 884 ||| READING scroll labelled INONLIOTWA.
  1001 | D:2      | 1001 ||| Stepping ~*~*~tactically~*~*~ (stealth).
  1002 | D:2      | 1002 ||| Stepping ~*~*~tactically~*~*~ (stealth).
  1010 | D:2      | 1010 ||| Stepping ~*~*~tactically~*~*~ (stealth).
  1014 | D:2      | 1014 ||| Stepping ~*~*~tactically~*~*~ (stealth).
  1017 | D:2      | 1017 ||| Stepping ~*~*~tactically~*~*~ (stealth).
  1027 | D:2      | Reached skill level 3 in Axes
  1027 | D:2      | Reached XP level 3. HP: 20/23 MP: 3/3
  1304 | D:2      | Found Xuoxiul's Distillery.
  1306 | D:2      | 1306 ||| DROPPING +2 whip of holy wrath.
  1314 | D:2      | 1314 ||| SHOPLISTING 2 potions of curing (78 gold, have
                  | 28).
  1314 | D:2      | 1314 ||| SHOPLISTING potion of curing (39 gold, have 28).
  1314 | D:2      | 1314 ||| SHOPLISTING potion of haste (130 gold, have 28).
  1314 | D:2      | 1314 ||| SHOPLISTING potion of heal wounds (65 gold, have
                  | 28).
  1754 | D:2      | 1754 ||| READING 2 scrolls of identify.
  1754 | D:2      | 1754 ||| IDENTIFYING fuming purple potion
  1755 | D:2      | 1755 ||| DROPPING potion of berserk rage.
  1836 | D:3      | 1836 ||| Stepping ~*~*~tactically~*~*~ (hiding).
  1838 | D:3      | 1838 ||| Stepping ~*~*~tactically~*~*~ (hiding).
  1847 | D:3      | Reached XP level 4. HP: 28/28 MP: 4/4
  1899 | D:3      | 1899 ||| Stepping ~*~*~tactically~*~*~ (hiding).
  2062 | D:3      | Found a runed translucent gate.
  2062 | D:3      | Noticed qw's ghost (amateur GrCA)
  2063 | D:3      | Found a runed translucent gate.
  2092 | D:3      | Found a runed translucent gate.
  2092 | D:3      | Identified the +5 scale mail of Fedhas's Delight {Drain
                  | Str+2 Int+8}
  2141 | D:3      | Reached skill level 4 in Axes
  2506 | D:3      | 2506 ||| READING scroll labelled UKEORE LUYSI.
  2507 | D:3      | 2507 ||| READING scroll labelled GEJUUKLA YTHOM.
  2508 | D:3      | 2508 ||| DRINKING 3 bubbling silvery potions.
  2509 | D:3      | 2509 ||| READING 2 scrolls of identify.
  2509 | D:3      | 2509 ||| IDENTIFYING viscous inky potion
  2548 | D:4      | 2548 ||| Stepping ~*~*~tactically~*~*~ (stealth).
  2588 | D:4      | HP: 6/28 [iguana (11)]
  2589 | D:4      | 2589 ||| DRINKING potion of heal wounds.
  2591 | D:4      | HP: 1/28 [iguana (7)]
  2592 | D:4      | Slain by an iguana

Levels and vault maps discovered:
D:1:      erik_arrival_triangle_large, layout_loops_corners,
          basic_ecumenical_altar
D:2:      layout_basic, serial_shops, nicolae_shop_industrial_runoff,
          minivault_23
D:3:      layout_loops_ring, biasface_ghost_orc_armoury, serial_park_tiny_pond
D:4:      layout_basic, kennysheep_slug_shrine, nicolae_shop_i_like_big_books,
          serial_bayou_lagoon_b

Skill      XL: |  1  2  3  4 |
---------------+-------------+-----
Axes           | 2 3 4 |  4.3
Fighting       | |  3.2
Armour         | |  3.2
Shields        | |  3.2

Action                     |  1- 3 |  4- 6 || total
---------------------------+-------+-------++-------
  Melee: War axe           |    86 |    47 ||   133
    Use: Scroll            |     3 |     3 ||     6
         Potion            |       |     2 ||     2
 Armour: Scale mail        |    18 |       ||    18
         Chain mail        |    18 |    25 ||    43
  Dodge: Dodged            |    36 |    20 ||    56
  Block: Buckler           |    12 |     4 ||    16

Table legend:
 A = Non-vault XP
 B = Vault XP
 C = Vault XP percentage of total XP
 D = Non-vault monster count
 E = Vault monster count
 F = Vault count percentage of total count
                 A         B        C        D         E       F
            +---------+---------+-------+---------+---------+-------
      Total |     141 |       0 |   0.0 |      47 |       0 |   0.0
            +---------+---------+-------+---------+---------+-------
        D:1 |      24 |       0 |   0.0 |      15 |       0 |   0.0
        D:2 |      53 |       0 |   0.0 |      17 |       0 |   0.0
        D:3 |      46 |       0 |   0.0 |      12 |       0 |   0.0
        D:4 |      18 |       0 |   0.0 |       3 |       0 |   0.0
            +---------+---------+-------+---------+---------+-------
